 Dungeon Crawl Stone Soup version 0.28.0-62-gf88900778d (webtiles) character file.

Game seed: 7380345141299207630

280 cbfl8 the Poker (level 6, 0/49 HPs)
             Began as a Merfolk Berserker on Aug 18, 2023.
             Was a Believer of Trog.
             Slain by Grinder (3 damage)
             ... on level 4 of the Dungeon.
             The game lasted 00:02:52 (3695 turns).

cbfl8 the Poker (Merfolk Berserker)                 Turns: 3695, Time: 00:02:53

Health: 0/49       AC:  6    Str: 18    XL:     6   Next: 27%
Magic:  6/6        EV:  6    Int:  6    God:    Trog [**....]
Gold:   184        SH: 11    Dex: 15    Spells: 5/5 levels left

rFire   . . .      SeeInvis .   a - +0 spear
rCold   . . .      Faith    .   h - +0 tower shield
rNeg    . . .      Spirit   .   j - +0 scale mail
rPois   .          Reflect  .   (no helmet)
rElec   .          Harm     .   (no cloak)
rCorr   .          Rampage  .   (no gloves)
Will    ++...                   (no boots)
Stlth   ..........              (no amulet)
HPRegen 1.16/turn               (no ring)
MPRegen 0.10/turn               (no ring)

@: mighty, strong-willed, on berserk cooldown, regenerating, slowed, very slow
A: (nimble swimmer 2), mertail
a: Renounce Religion, Berserk, Trog's Hand


You were on level 4 of the Dungeon.
You worshipped Trog.
Trog was pleased with you.
You visited 1 branch of the dungeon, and saw 4 of its levels.

You collected 184 gold pieces.

Inventory:

Hand Weapons
 a - a +0 spear (weapon)
Armour
 h - a +0 tower shield (worn)
 j - a +0 scale mail (worn)
Scrolls
 b - a scroll of noise
 c - 2 scrolls of fog
 e - a scroll of enchant armour


   Skills:
 + Level 4.4 Fighting
 + Level 6.6 Polearms
 + Level 2.5 Armour
 - Level 2.6 Dodging
 + Level 0.8 Stealth
 + Level 0.8 Shields
 * Level 2.3 Evocations


You had 5 spell levels left.
You didn't know any spells.
Your spell library was empty.

Dungeon Overview and Level Annotations

Branches:
Dungeon (4/15)
 Temple: D:4-7

Altars:
Uskayaw
Yredelemnul

Annotations:
D:4 Grinder


Innate Abilities, Weirdness & Mutations

((You are very nimble when in or above water. (Stealth+, EV+, Speed+++)))
Your lower body shifts to a powerful aquatic tail in water.


Message History

You are exhausted.
You feel yourself slow down.
Grinder comes into view.
Grinder shouts!
Grinder blinks!
You block Grinder's attack. Grinder gestures at you.
You suddenly lose the ability to move!
Grinder hits you!
You writhe in agony.
Grinder hits you. Grinder hits you!
You writhe in agony.
* * * LOW HITPOINT WARNING * * *
Grinder hits you!
* * * LOW HITPOINT WARNING * * *
You writhe in agony.
* * * LOW HITPOINT WARNING * * *
Grinder gestures at you. You resist with significant effort.
You can move again.
Your skin crawls.
You feel strong-willed.
Grinder blinks!
You feel very mighty all of a sudden. Grinder gestures at you.
You resist with almost no effort.
You puncture Grinder!
Grinder is moderately wounded.
You block Grinder's attack. Grinder hits you but does no damage.
You hit Grinder.
Grinder is moderately wounded.
Grinder hits you.
* * * LOW HITPOINT WARNING * * *
You writhe in agony.
* * * LOW HITPOINT WARNING * * *
You puncture Grinder!
Grinder is heavily wounded.
Grinder hits you but does no damage. Grinder hits you.
* * * LOW HITPOINT WARNING * * *
You writhe in agony.
You die...

....##.... ..)...........
... ............####.....
#....#...........##..
.#####....#...............
..........#...............
..........#...............
...)..†...#...............
.......#.......5@.........
#....)##........†.<.......
#..... #..................
#...". #..............#...
#..... #....).............
#..... #..............#...
#..... #..............# ..
#....n #................ .
#)...............


You could see Grinder.

Vanquished Creatures
  An ice beast (D:3)
  A centaur (D:4)
  4 adders
  A worm (D:2)
  2 dart slugs (D:2)
  4 orcs
  6 endoplasms
  2 giant cockroaches
  5 hobgoblins
  8 kobolds
  7 quokkas
  7 ball pythons
  4 bats
  6 frilled lizards
  2 goblins (D:1)
  8 rats
68 creatures vanquished.

Notes
Turn   | Place    | Note
-------+----------+-------------------------------------------
     0 | D:1      | cbfl8 the Merfolk Berserker began the quest for the Orb.
     0 | D:1      | Reached XP level 1. HP: 18/18 MP: 1/1
   201 | D:1      | Reached XP level 2. HP: 23/24 MP: 2/2
   576 | D:1      | Reached skill level 5 in Polearms
  1144 | D:2      | Reached XP level 3. HP: 27/30 MP: 3/3
  1444 | D:2      | Reached ** piety under Trog
  1637 | D:2      | Reached skill level 1 in Evocations
  1841 | D:2      | Found a faded altar of an unknown god.
  2109 | D:3      | Reached XP level 4. HP: 33/37 MP: 4/4
  2315 | D:3      | Found a basalt altar of Yredelemnul.
  2753 | D:3      | Noticed an ice beast
  2764 | D:3      | Killed an ice beast
  2765 | D:3      | Reached skill level 6 in Polearms
  2765 | D:3      | Reached XP level 5. HP: 35/42 MP: 5/5
  3384 | D:3      | Found a hide-covered altar of Uskayaw.
  3661 | D:4      | Noticed a centaur
  3670 | D:4      | Killed a centaur
  3671 | D:4      | Reached XP level 6. HP: 49/49 MP: 6/6
  3675 | D:4      | Noticed a necrophage
  3679 | D:4      | Noticed Grinder
  3683 | D:4      | Paralysed by Grinder for 6 turns
  3695 | D:4      | Slain by Grinder

Illustrated notes

Levels and vault maps discovered:
D:1:      minmay_arrival_four_loops, layout_loops_ring
D:2:      layout_basic, chequers_ecumenical_altar_simple_redux
D:3:      layout_basic, nicolae_uskayaw_murder_on_the_dancefloor,
          yredelemnul_altar_generic, amcnicky_mini_rare_corridor_liquid,
          eino_tiny_chamber
D:4:      layout_basic, old_standard_altar, grunt_temple_overflow_open,
          uniq_grinder

Skill      XL: |  1  2  3  4 |
---------------+-------------+-----
Polearms       | 5 6 |  6.6
Evocations     | 1 2 |  2.3
Fighting       | 4 |  4.4
Armour         | 2 |  2.5
Dodging        | |  2.6
Stealth        | |  0.8
Shields        | |  0.8

Action                   |  1- 3 |  4- 6 || total
-------------------------+-------+-------++-------
Melee: Spear             |   152 |   103 ||   255
       Punch             |     2 |       ||     2
Invok: Berserk           |       |     3 ||     3
       Trog's Hand       |       |     1 ||     1
  Use: Scroll            |       |     4 ||     4
       Potion            |       |     1 ||     1
 Stab: Sleeping          |     1 |       ||     1
Armor: Animal skin       |     2 |       ||     2
       Ring mail         |    19 |    10 ||    29
       Scale mail        |       |     9 ||     9
Dodge: Dodged            |    47 |    26 ||    73
Block: Tower shield      |       |    46 ||    46
